 Dungeon Crawl Stone Soup version 0.32-a0-799-g95e1662365 (webtiles) character file.

Game seed: 603557157268229102

101 ezpacito the Chopper (level 4, -2/35 HPs)
             Began as a Coglin Chaos Knight on Mar 21, 2024.
             Was a Plaything of Xom.
             Slain by an orc wizard
             ... wielding a +0 dagger
              (3 damage)
             ... on level 7 of the Dungeon.
             The game lasted 00:02:49 (2841 turns).

ezpacito the Chopper (Coglin Chaos Knight)          Turns: 2841, Time: 00:02:49

Health: -2/35      AC:  8    Str: 14    XL:     4   Next: 75%
Magic:  5/5        EV:  6    Int: 12    God:    Xom [..*...]
Gold:   205        SH:  0    Dex: 13    Spells: 4/4 levels left

rFire   . . .        a - +0 hand axe (chaos) {Simosihle}
rCold   . . .        g - +2 whip (drain) {Fusazane}
rNeg    . . .        b - +0 chain mail
rPois   .            (no helmet)
rElec   .            (no cloak)
rCorr   .            (no gloves)
SInv    .            (no boots)
Will    .....        (amulet unavailable) Stlth
                     (ring unavailable)
HPRegen 0.25/turn    (ring unavailable)
MPRegen 0.09/turn    (no gizmo)

%: no passive effects
@: mighty, brilliant, hasted, invisible, revved, very quick
A: off-hand wielding, slow wielding, warmup strikes, no jewellery
a: Invent Gizmo, Renounce Religion


You were on level 7 of the Dungeon.
You worshipped Xom.
You were a toy of Xom.
You visited 1 branch of the dungeon, and saw 5 of its levels.

You collected 205 gold pieces.

Inventory:

Hand Weapons
 a - a +0 hand axe of chaos (weapon) {Simosihle}
 g - a +2 whip of draining (offhand) {Fusazane}
 p - a +0 war axe {Katrin}
 r - a +1 short sword of holy wrath {Malena}
Missiles
 u - 2 boomerangs (quivered)
Armour
 b - a +0 chain mail (worn)
 s - a +0 helmet
Magical Staves
 j - a staff of cold
Wands
 v - a wand of polymorph (10)
Scrolls
 c - a scroll of butterflies
 e - a scroll of fog
 l - a scroll of vulnerability
 t - 4 scrolls of teleportation
Potions
 d - a potion of might
 o - 2 potions of attraction
 q - a potion of curing


   Skills:
 * Level 3.5 Fighting
 * Level 3.5(3.6) Axes
 + Level 0.7(2.1) Polearms
 * Level 2.4 Armour
 + Level 1.3 Dodging
 + Level 0.8 Stealth
 + Level 0.7 Spellcasting
 + Level 0.7 Evocations


You had 4 spell levels left.
You didn't know any spells.
Your spell library contained the following spells:

 Spells                   Type           Power      Damage    Failure   Level
 Ensorcelled Hibernation  Hex/Ice        0%         N/A       100%        2
 Gell's Gravitas          Tloc           0%         N/A       100%        3
 Passwall                 Erth           0%         N/A       100%        3
 Swiftness                Air            0%         N/A       100%        3
 Teleport Other           Tloc           0%         N/A       100%        3
 Ignite Poison            Fire/Alch      0%         N/A       100%        4
 Sticky Flame             Fire/Alch      0%         2d4       100%        4
 Dispersal                Tloc           0%         N/A       100%        6
 Ignition                 Fire           0%         3d3       100%        8


Dungeon Overview and Level Annotations

Branches:
Dungeon (4/15)
 Temple: D:4-7

Altars:

Shops:
D:2 (


Innate Abilities, Weirdness & Mutations

You can wield a second weapon in your off-hand.
It takes a long time for you to wield or remove held weapons.
Your first few attacks do less damage.
You cannot equip rings or amulets.


Message History

Beogh smites you!
* * * LOW HITPOINT WARNING * * *
A shower of butterflies erupts from you!
You take 1 damage, and have 5/35 hp.
It was a potion of invisibility.
You fade into invisibility!
Xom roars with laughter!
Something hits you but does no damage. x2
It was a potion of haste.
You feel yourself speed up.
You hear some strange, mumbled words.
A puff of flame appears from out of thin air!
The puff of flame hits you but does no damage.
Something hits you but does no damage.
It was a potion of brilliance.
You feel clever all of a sudden. Something hits you but does no damage.
You closely miss something with your +2 whip of draining.
You barely miss something with your +0 hand axe of chaos. x2
Something hits you but does no damage. Something hits you.
* * * LOW HITPOINT WARNING * * *
You take 4 damage, and have 2/35 hp.
You miss something with your +0 hand axe of chaos.
You hit something with your +0 hand axe of chaos.
Nothing appears to happen.
You barely miss something with your +2 whip of draining.
You completely miss something with your +2 whip of draining.
You hit something with your +0 hand axe of chaos.
You burn something.
You barely miss something with your +0 hand axe of chaos.
Something hits you.
* * * LOW HITPOINT WARNING * * *
Something hits you but does no damage.
You take 1 damage, and have 1/35 hp.
You miss something with your +0 hand axe of chaos.
You hit something with your +0 hand axe of chaos.
You burn something.
You closely miss something with your +2 whip of draining.
Something hits you.
You die...
Xom thinks this is hilarious!

.. ....
#.... o
o....F#####
o #o{@.# # o
oo ##{#)##.#
o ##.....#
#.#b#.##
#.##.#.# ..#
#.#.#
#..####.#.#
F..........#
#..####.###


You could see a bullfrog (unable to see you) and an orc priest (unable to see
you, ally target).

Vanquished Creatures
  3 adders
  A ribbon worm (D:3)
  4 dart slugs
  5 orcs (D:7)
  5 bats
  5 endoplasms
  2 giant cockroaches (D:1)
  3 goblins
  8 hobgoblins
  7 kobolds
  A quokka (D:2)
  2 ball pythons
  5 frilled lizards
  2 rats
53 creatures vanquished.

Notes
Turn   | Place    | Note
-------+----------+-------------------------------------------
     0 | D:1      | ezpacito the Coglin Chaos Knight began the quest for the
                  | Orb.
     0 | D:1      | Reached XP level 1. HP: 18/18 MP: 1/1
    74 | D:1      | Reached skill level 1 in Dodging
    76 | D:1      | Reached XP level 2. HP: 24/24 MP: 2/2
   381 | D:1      | XOM: divination: detect items
   580 | D:1      | Reached XP level 3. HP: 29/29 MP: 3/3
  1268 | D:2      | Found Guip's Weapon Shop.
  1587 | D:2      | XOM: divination: magic mapping
  1787 | D:2      | Found a faded altar of an unknown god.
  1787 | D:2      | Noticed a smoke demon
  1805 | D:2      | XOM: noise
  1999 | D:3      | Reached XP level 4. HP: 31/35 MP: 4/4
  2797 | D:4      | You fall into a shaft and drop 3 floors!
  2817 | D:7      | XOM: divination: detect creatures
  2824 | D:7      | Noticed a bullfrog
  2834 | D:7      | XOM: noise
  2834 | D:7      | XOM: butterfly on damage
  2840 | D:7      | HP: 1/35 [something (1)]
  2841 | D:7      | Slain by an orc wizard

Illustrated notes

Levels and vault maps discovered:
D:1:      lemuel_arrival_tunnels, layout_basic, minivault_11
D:2:      layout_basic, serial_shops, shop,
          dreamdust_ecumenical_altar_sealed_demon
D:3:      layout_loops_ring
D:4:      layout_basic, nicolae_ru_sacrificial_ziggurat,
          nicolae_ossuary_entry_ruins, minmay_tree_intersection, hellmonk_no_cap
D:7:      layout_loops_ring, minmay_temple_entry_junction_2,
          chequers_decorated_corner

Skill      XL: |  1  2 |
---------------+-------+-----
Dodging        | 1 |  1.3
Armour         | 2 |  2.4
Fighting       | |  3.5
Axes           | |  3.5
Polearms       | |  0.7
Stealth        | |  0.8
Spellcasting   | |  0.7
Evocations     | |  0.7

Action                     |  1- 3 |  4- 6 || total
---------------------------+-------+-------++-------
  Melee: Hand axe          |    75 |    36 ||   111
         Dagger            |    57 |       ||    57
         War axe           |     5 |     2 ||     7
         Whip              |       |    18 ||    18
         Short sword       |       |    15 ||    15
    Use: Scroll            |       |     7 ||     7
         Potion            |       |     5 ||     5
   Stab: Sleeping          |     1 |       ||     1
         Petrified         |     1 |       ||     1
         Confused          |       |     1 ||     1
 Armour: Leather armour    |    21 |       ||    21
         Chain mail        |    30 |    52 ||    82
  Dodge: Dodged            |    29 |    12 ||    41

Table legend: (Time is in decaauts)
 A = Elapsed time spent in this place.
 B = Non-inter-level travel time spent in this place.
 C = Inter-level travel time spent in this place.
 D = Time resting spent in this place.
 E = Time spent auto-exploring this place.
 F = Levels seen in this place.
 G = Mean time per level.
                   A        B        C        D        E       F      G
               +--------+--------+--------+--------+--------+-----+--------+
         Total |   2847 |   2735 |    112 |      0 |   2334 |   5 |  569.4 |
       Dungeon |   2847 |   2735 |    112 |      0 |   2334 |   5 |  569.4 |
               +--------+--------+--------+--------+--------+-----+--------+

Top non-repeatable levels by time:
     D:1: 980 daAuts
     D:2: 970 daAuts
     D:3: 692 daAuts
     D:4: 159 daAuts
     D:7: 43 daAuts
